 Dungeon Crawl Stone Soup version 0.31-a0-523-g071a6c1ffa (webtiles) character file.

Game seed: 15894500082632508248

25 Newt the Trooper (level 2, -2/24 HPs)
             Began as a Demonspawn Fighter on Aug 11, 2023.
             Slain by a gnoll
             ... wielding a +0 spear
              (4 damage)
             ... on level 2 of the Dungeon.
             The game lasted 00:00:32 (545 turns).

Newt the Trooper (Demonspawn Fighter)                Turns: 545, Time: 00:00:33

Health: -2/24      AC:  6    Str: 16    XL:     2   Next: 86%
Magic:  0/2        EV:  8    Int:  9    God:
Gold:   68         SH:  4    Dex: 12    Spells: 1/1 levels left

rFire   . . .        a - +0 rapier
rCold   . . .        c - +0 buckler
rNeg    . . .        b - +0 scale mail
rPois   .            (no helmet)
rElec   .            (no cloak)
rCorr   .            (no gloves)
SInv    .            (no boots)
Will    .....        h - amulet of guardian spirit Stlth
                     (no ring)
HPRegen 0.24/turn    (no ring)
MPRegen 0.08/turn

%: guardian spirit
@: no status effects
A: spiny 1
a: no special abilities


You were on level 2 of the Dungeon.
You visited 1 branch of the dungeon, and saw 2 of its levels.

You collected 68 gold pieces.

Inventory:

Hand Weapons
 a - a +0 rapier (weapon)
Missiles
 l - 6 javelins
Armour
 b - a +0 scale mail (worn)
 c - a +0 buckler (worn)
Jewellery
 h - an amulet of guardian spirit (around neck)
Scrolls
 e - a scroll of fog {unknown}
 g - a scroll of revelation {unknown}
 n - 2 scrolls of enchant weapon {unknown}
 p - a scroll of identify {unknown}
Potions
 d - a potion of might
 f - a potion of mutation {unknown}
 i - a potion of ambrosia {unknown}
 j - a potion of degeneration {unknown}
 k - a potion of enlightenment {unknown}
 m - a potion of curing {unknown}
 o - a potion of heal wounds {unknown}


   Skills:
 + Level 3.1 Fighting
 - Level 3.0 Short Blades
 - Level 2.6 Armour
 - Level 2.6 Shields


You had one spell level left.
You didn't know any spells.
Your spell library was empty.

Dungeon Overview and Level Annotations

Branches:
Dungeon (2/15)

Altars:


Innate Abilities, Weirdness & Mutations

You are partially covered in sharp spines.


Message History

You hit the gnoll.
The gnoll is heavily wounded.
The gnoll is struck by your spines. The gnoll hits you with a +0 whip.
The gnoll barely misses you. The quokka closely misses you.
You block the gnoll's attack. The gnoll barely misses you.
You barely miss the gnoll.
The gnoll is severely wounded.
The quokka bites you but does no damage.
The gnoll hits you from afar with a +0 spear.
The quokka barely misses you.
You barely miss the gnoll.
The gnoll is severely wounded.
You block the quokka's attack. The gnoll is struck by your spines.
The gnoll hits you but does no damage. The gnoll barely misses you.
You hit the gnoll.
The gnoll is almost dead.
The quokka is struck by your spines. The quokka barely misses you.
The gnoll is struck by your spines. The gnoll hits you with a +0 whip.
The gnoll is struck by your spines. The gnoll barely misses you.
The gnoll hits you from afar with a +0 spear.
* * * LOW HITPOINT WARNING * * *
You barely miss the quokka.
The quokka is moderately wounded.
The quokka bites you.
* * * LOW HITPOINT WARNING * * *
The gnoll hits you but does no damage. You block the gnoll's attack.
The gnoll barely misses you.
Unknown command.
You barely miss the quokka.
The quokka is moderately wounded.
The quokka is struck by your spines. The quokka bites you.
* * * LOW HITPOINT WARNING * * *
You block the gnoll's attack. The gnoll closely misses you.
The quokka misses you.
Unknown command.
You hit the quokka but do no damage.
The quokka is heavily wounded.
You block the gnoll's attack. x2
The gnoll hits you from afar with a +0 spear.
You die...

#. #.# . #... #.#
.# # #... #.##.##.#
#...######........
#####...#...##...
r.
.............#.##.#
.................#
............#r#..#
#........##@# #
#.....#####gg......
#.....# ###g.####
#.....# ..# #.....#
.# #.....# ..
###.### ..
########.## #.#
..........#


You could see 3 gnolls and a quokka.

Vanquished Creatures
  2 bats
  An endoplasm (D:1)
  2 giant cockroaches
  4 goblins
  2 hobgoblins (D:1)
  6 kobolds (D:1)
  A quokka (D:1)
  A ball python (D:1)
  3 frilled lizards
  2 rats
24 creatures vanquished.

Notes
Turn   | Place    | Note
-------+----------+-------------------------------------------
     0 | D:1      | Newt the Demonspawn Fighter began the quest for the Orb.
     0 | D:1      | Reached XP level 1. HP: 18/18 MP: 1/1
    80 | D:1      | Gained mutation: You are partially covered in sharp spines.
                  | [demonic ancestry]
    80 | D:1      | Reached XP level 2. HP: 24/24 MP: 2/2
   545 | D:2      | Slain by a gnoll

Illustrated notes

Levels and vault maps discovered:
D:1:      dpeg_arrival_rooms_a, layout_rooms, minmay_misc_feat_secret_circle
D:2:      layout_loops_cross

Skill      XL: |  1  2 |
---------------+-------+-----
Short Blades   | 2 3 |  3.0
Fighting       | |  3.1
Armour         | |  2.6
Shields        | |  2.6

Action                     || total
---------------------------++-------
  Melee: Rapier            ||    54
 Armour: Scale mail        ||    20
  Dodge: Dodged            ||    21
  Block: Buckler           ||    17

Table legend: (Time is in decaauts)
 A = Elapsed time spent in this place.
 B = Non-inter-level travel time spent in this place.
 C = Inter-level travel time spent in this place.
 D = Time resting spent in this place.
 E = Time spent auto-exploring this place.
 F = Levels seen in this place.
 G = Mean time per level.
                   A        B        C        D        E       F      G
               +--------+--------+--------+--------+--------+-----+--------+
         Total |    550 |    517 |     33 |      0 |    394 |   2 |  275.0 |
       Dungeon |    550 |    517 |     33 |      0 |    394 |   2 |  275.0 |
               +--------+--------+--------+--------+--------+-----+--------+

Top non-repeatable levels by time:
     D:1: 465 daAuts
     D:2: 85 daAuts
